 Dungeon Crawl Stone Soup version bcrawl-1.37.2 (webtiles) character file.

Game seed: 3407661999376019630

376116 Mehrunes the Martial Artist (level 11, -37/96 HPs)
             Began as an Octopode Transmuter on Nov 16, 2022.
             Was a High Priest of Cheibriados.
             Killed from afar by an orc sorcerer (51 damage)
             ... with a bolt of fire
             ... led by an orc knight
             ... on level 9 of the Dungeon.
             The game lasted 00:25:49 (11005 turns).

Mehrunes the Martial Artist (Octopode Transmuter)  Turns: 11005, Time: 00:25:50

Health: -37/96     AC:  9    Str: 24    XL:     11   Next: 97%
Magic:  15/15      EV: 20    Int: 30    God:    Cheibriados [*****.]
Gold:   1086       SH:  5    Dex: 26    Spells: 1/16 levels left

rFire    x . .     GDR:     45%   - Ice fists (freeze) (34.7)
rCold    + + +     SeeInvis .   (shield currently unavailable)
rNeg     + . .     Gourm    .   (helmet currently unavailable)
rPois    +         Faith    .   (cloak restricted)
rElec    .         Spirit   .   k - +5 amulet of reflection
rCorr    .         Reflect  +   h - ring of poison resistance
MR       ++...     Clarity  +   n - +1 ring of protection
Stlth    ++........             y - ring of positive energy
HPRegen  0.26/turn              (no ring)
MPRegen  0.14/turn              (no ring)
                                (no ring)
                                (no ring)
                                (no ring)

@: ice-form, very slow
A: large, almost no armour, stealthy swim, resist paralysis, amphibious, 8
rings, (constrict 8)
a: End Transformation, Bend Time, Defer, Temporal Distortion, Step From Time,
Renounce Religion


You were on level 9 of the Dungeon.
You worshipped Cheibriados.
Cheibriados was extremely pleased with you.
You were hungry.
You were a creature of crystalline ice.
You visited 1 branch of the dungeon, and saw 9 of its levels.
You also visited: Bailey.

You collected 1086 gold pieces.

Inventory:

Hand Weapons
 B - the +8 demon blade "Leech" {vamp, rN+ AC-5}
   (You found it in a bailey)

   It inflicts no extra harm, but heals its wielder when it wounds a living foe.
   It affects your AC (-5).
   It protects you from negative energy.
Missiles
 a - 859 arrows
 A - 255 poisoned tomahawks (quivered)
 C - 163 tomahawks of dispersal {=f}
 G - 2 throwing nets {=f}
Armour
 I - a +1 hat of see invisible (melded)
Jewellery
 h - a ring of poison resistance (left front paw)
 k - a +5 amulet of reflection (around neck)
 n - a +1 ring of protection (right front paw)
 q - an uncursed amulet of the acrobat
 y - a ring of positive energy (on tentacle)
Wands
 E - a wand of paralysis (3)
Scrolls
 b - 9 scrolls of enchant weapon
 d - a scroll of fog
 f - 2 scrolls of teleportation
 i - 4 scrolls of identify
 j - 6 scrolls of remove curse
 p - 5 scrolls of amnesia
 s - 2 scrolls of enchant armour
 x - 2 scrolls of noise
 D - a scroll of vulnerability {unknown}
Potions
 c - 4 potions of lignification
 l - a potion of curing
 m - a potion of mutation
 o - a potion of might
 r - a potion of agility {unknown}
 t - a potion of brilliance {unknown}
 v - 2 potions of haste {unknown}
 w - 2 potions of heal wounds {unknown}
 z - a potion of magic {unknown}
 H - a potion of flight {unknown}
Miscellaneous
 F - a lightning rod (1/4)
Comestibles
 e - 21 rations {!d}
 J - 9 chunks of flesh


   Skills:
 + Level 9.2 Fighting
 + Level 9.5 Dodging
 + Level 9.7 Unarmed Combat
 - Level 3.0 Spellcasting
 + Level 9.4 Transmutations
 - Level 3.0 Ice Magic
 - Level 2.0 Poison Magic


You had one spell level left.
You knew the following spells:

 Your Spells              Type           Power        Failure   Level  Hunger
a - Beastly Appendage     Tmut           ######       1%          1    None
b - Sticks to Snakes      Tmut           ######..     1%          2    #......
c - Spider Form           Tmut/Pois      ###          1%          3    ####...
d - Ice Form              Ice/Tmut       #####...     5%          4    #####..
e - Blade Hands           Tmut           ######....   4%          5    ######.

Your spell library contained the following spells:

 Spells                   Type           Power        Failure   Level  Hunger
 Passwall                 Tmut/Erth      ####....     1%          2    #......
 Iskenderun's Battlesphe  Conj/Chrm      #.......     89%         5    ######.
 Piercing Shot            Chrm           #.........   89%         5    ######.
 Steam Barrier            Chrm/Fire      #.........   89%         5    ######.
 Time Stop                Chrm/Tloc      N/A          100%        8    #######


Dungeon Overview and Level Annotations

Branches:
Dungeon (9/12)             Temple (0/1) D:5
   Lair: D:7-9          Orc: D:8-11

Altars:
Cheibriados
Elyvilon
Fedhas
Gozag
Hepliaklqana
Kikubaaqudgha
Makhleb
Okawaru
Qazlal
Ru
Sif Muna
Trog
Uskayaw
Wu Jian
The Shining One

Shops:
D:7 :

Annotations:
D:9 Psyche


Innate Abilities, Weirdness & Mutations

You cannot wear most types of armour.
You are very stealthy in the water. (Stealth+)
Your unusual nervous system resists paralysis.
You are amphibious.
You can wear up to eight rings at the same time.
((You can use your tentacles to constrict eight enemies at once.))
((Your skin changes colour to match your surroundings (Stealth+).))
((Your rubbery body absorbs attacks. (AC +1, EV +1)))


Message History

The worker ant zombie bites you but does no damage.
The troll closely misses you. You block the troll's attack.
The troll misses you.
You pummel the troll!! You freeze the troll.
You kill the troll!
Cheibriados appreciates the change of pace.
The worker ant closely misses you.
The worker ant zombie completely misses you.
The worker ant completely misses you.
The worker ant zombie bites you but does no damage.
The worker ant bites you but does no damage.
The orc knight shoots a bolt.
The bolt hits you!!
* * * LOW HITPOINT WARNING * * *
A howler monkey comes into view.
The worker ant zombie bites you.
* * * LOW HITPOINT WARNING * * *
The orc sorcerer gestures at you while chanting.
The fire burns you terribly! The bolt of fire hits you!!!
Ouch! That really hurt!
You die...

#........######. #.
#........#...... ...
#.........#..# ...
#...........# ###
##..........# .
##...........#.h
#.......<.....%.
#................
#.........ZYaY.....
..........#........
#..........†.......#
#.................#..
............##...#.
.#....>..... ..o..
.....(... ......
.......o##......
........... ....


You could see an elephant, an orc knight, an orc sorcerer, a howler monkey
(wandering), a worker ant and a worker ant zombie.

Vanquished Creatures
  Gastronok (D:9)
  A two-headed ogre (D:9)
  Pikel (D:8)
  An ugly thing (D:7)
  Joseph (D:8)
  3 trolls
  A harpy skeleton (D:8)
  A slime creature (D:9)
  3 hippogriffs
  A shadow (D:8)
  A wraith (D:9)
  A water moccasin (D:6)
  3 crocodiles
  7 orc warriors
  A sky beast (D:6)
  A black bear (D:5)
  5 ice beasts
  6 ogres
  2 kobold brigands
  5 bullfrogs
  2 gnoll sergeants
  4 centaurs
  2 scorpions
  3 wights (D:6)
  A howler monkey (D:7)
  2 orc priests
  5 crimson imps
  A bullfrog skeleton (D:8)
  5 hounds
  3 gnoll shamans (D:3)
  7 orc wizards
  2 iguanas
  7 worker ants
  A hound zombie (D:5)
  2 howler monkey zombies
  2 worker ant zombies
  29 gnolls
  A howler monkey skeleton (D:8)
  4 adders
  5 shadow imps
  4 oozes
  An adder zombie (D:8)
  2 adder skeletons
  2 worms
  A leopard gecko (D:2)
  20 orcs
  2 ball pythons
  7 bats
  4 giant cockroaches
  9 goblins
  6 hobgoblins
  41 jackals
  3 quokkas
  7 frilled lizards
  A jackal skeleton (D:4)
  A jackal zombie (D:7)
  27 kobolds
  3 rats
275 creatures vanquished.

Vanquished Creatures (collateral kills)
  A two-headed ogre (D:9)
  A bullfrog skeleton (D:5)
  An orc wizard (D:9)
  A gnoll shaman (D:3)
  An adder (D:3)
  9 gnolls (D:3)
  5 orcs
  A hobgoblin (D:2)
  A jackal (D:9)
  2 goblins
  A kobold (D:9)
24 creatures vanquished.

Vanquished Creatures (others)
  An orc (D:8)
  3 kobolds (Bailey)
  8 plants (D:9)
12 creatures vanquished.

Grand Total: 311 creatures vanquished

Notes
Turn   | Place    | Note
-------+----------+-------------------------------------------
     0 | D:1      | Mehrunes the Octopode Transmuter began the quest for the
                  | Orb.
     0 | D:1      | Reached XP level 1. HP: 13/13 MP: 3/3
   210 | D:1      | Reached XP level 2. HP: 14/18 MP: 3/5
   730 | D:1      | Reached XP level 3. HP: 23/23 MP: 4/6
   930 | D:1      | Learned a level 2 spell: Sticks to Snakes
   934 | D:1      | Learned a level 3 spell: Spider Form
  1335 | D:2      | HP: 1/23 [hobgoblin (3)]
  1809 | D:2      | Reached XP level 4. HP: 21/29 MP: 7/7
  1841 | D:2      | Found a burning altar of Makhleb.
  2259 | D:2      | Reached skill level 1 in Poison Magic
  3278 | D:2      | Reached XP level 5. HP: 28/34 MP: 1/8
  3532 | D:2      | Found a burning altar of Makhleb.
  4210 | D:3      | Found a faded altar of an unknown god.
  4259 | D:3      | Reached XP level 6. HP: 39/39 MP: 8/10
  4412 | D:3      | Learned a level 4 spell: Ice Form
  4829 | D:3      | Reached skill level 1 in Ice Magic
  4934 | D:3      | Reached XP level 7. HP: 12/45 MP: 7/11
  5268 | D:3      | Found a glowing golden altar of the Shining One.
  5310 | D:3      | Found a white marble altar of Elyvilon.
  5311 | D:3      | Found a snail-covered altar of Cheibriados.
  5312 | D:3      | Found a hide-covered altar of Uskayaw.
  5316 | D:3      | Found a hazy altar of Hepliaklqana.
  5319 | D:3      | Became a worshipper of Cheibriados the Contemplative
  5602 | D:3      | Reached XP level 8. HP: 48/53 MP: 10/12
  5906 | D:4      | Found an iron altar of Okawaru.
  6013 | D:4      | Reached skill level 5 in Unarmed Combat
  6350 | D:4      | Reached * piety under Cheibriados
  6511 | D:5      | Entered Level 5 of the Dungeon
  6652 | D:5      | Reached skill level 5 in Dodging
  6652 | D:5      | Reached skill level 5 in Transmutations
  6732 | D:5      | Found a blossoming altar of Fedhas.
  6835 | D:5      | Found a staircase to the Ecumenical Temple.
  6901 | D:5      | Found an opulent altar of Gozag.
  7161 | D:6      | Reached XP level 9. HP: 57/60 MP: 13/13
  7164 | D:6      | Reached skill level 5 in Fighting
  7636 | D:6      | Reached ** piety under Cheibriados
  7923 | D:6      | Noticed a troll
  7938 | D:6      | Killed a troll
  8351 | D:7      | Found a bloodstained altar of Trog.
  8353 | D:7      | Noticed a green ugly thing
  8365 | D:7      | Killed a green ugly thing
  8366 | D:7      | Reached XP level 10. HP: 68/69 MP: 6/14
  8390 | D:7      | Found a flagged portal.
  8436 | Bailey   | Entered a bailey
  8525 | Bailey   | Reached *** piety under Cheibriados
  8596 | Bailey   | Found the +8 demon blade "Leech" {vamp, rN+ AC-5}
  8660 | Bailey   | Found a bloodstained altar of Trog.
  8801 | Bailey   | Learned a level 5 spell: Blade Hands
  8955 | D:7      | Found a shimmering blue altar of Sif Muna.
  9049 | D:7      | Found Nyceff's Book Emporium.
  9318 | D:7      | Found an ancient bone altar of Kikubaaqudgha.
  9318 | D:7      | Found an ornate altar of the Wu Jian Council.
  9363 | D:7      | Reached **** piety under Cheibriados
  9848 | D:8      | Noticed Pikel
  9859 | D:8      | Killed Pikel
 10049 | D:8      | Found a sacrificial altar of Ru.
 10108 | D:8      | Noticed Joseph
 10124 | D:8      | Killed Joseph
 10376 | D:8      | Found a stormy altar of Qazlal.
 10501 | D:9      | Noticed a two-headed ogre
 10558 | D:9      | Noticed an orc knight
 10558 | D:9      | Noticed an orc sorcerer
 10667 | D:9      | Killed a two-headed ogre
 10668 | D:9      | Reached XP level 11. HP: 43/77 MP: 13/15
 10782 | D:9      | Reached ***** piety under Cheibriados
 10829 | D:9      | Noticed a two-headed ogre
 10852 | D:9      | Killed a two-headed ogre
 10913 | D:9      | Noticed a two-headed ogre
 10920 | D:9      | Noticed Gastronok
 10933 | D:9      | Noticed Psyche
 10966 | D:9      | Killed Gastronok
 11005 | D:9      | Killed from afar by an orc sorcerer

Skill      XL: |  1  2  3  4  5  6  7  8  9 10 11 |
---------------+----------------------------------+-----
Poison Magic   | 1 2 |  2.0
Fighting       | 2 3 4 6 8 9 |  9.2
Dodging        | 3 4 5 6 8 9 |  9.5
Transmutations | 3 4 5 6 8 9 |  9.4
Unarmed Combat | 4 5 7 8 9 |  9.7
Spellcasting   | 3 |  3.0
Ice Magic      | 1 2 3 |  3.0

Action                   |  1- 3 |  4- 6 |  7- 9 | 10-12 || total
-------------------------+-------+-------+-------+-------++-------
Melee: Unarmed           |    92 |   143 |   298 |   272 ||   805
       Constrict         |    25 |    38 |    11 |       ||    74
       Kick              |    23 |    22 |    12 |       ||    57
       Tentacles         |    11 |    25 |    14 |       ||    50
       Punch             |     1 |     2 |     4 |       ||     7
Throw: Tomahawk          |       |       |       |     9 ||     9
 Cast: Beastly Appendage |    23 |    22 |     7 |       ||    52
       Sticks to Snakes  |     1 |    26 |     5 |    11 ||    43
       Spider Form       |       |       |    16 |     4 ||    20
       Ice Form          |       |       |     1 |     4 ||     5
 Abil: End Transformatio |       |       |       |     2 ||     2
Evoke: Lightning rod     |       |       |       |     4 ||     4
       Phantom mirror    |       |       |       |     1 ||     1
  Use: Scroll            |       |     1 |    13 |    10 ||    24
       Potion            |       |     1 |     3 |     3 ||     7
 Stab: Sleeping          |     4 |       |     4 |     2 ||    10
       Distracted        |       |     1 |       |       ||     1
  Eat: Chunk             |     5 |    11 |    19 |    15 ||    50
       Ration            |       |     1 |       |       ||     1
Armor: Skin              |    11 |    13 |    22 |    63 ||   109
Dodge: Dodged            |    72 |   105 |   227 |   267 ||   671
Block: Other             |       |    20 |    46 |    68 ||   134
       Reflection        |       |     3 |     4 |    16 ||    23
